Map: Oceanborn LE

Players

BroodWar - Winner!

  • Race: Protoss Protoss
  • League: Master
  • Spawn Location: 11:00

Player

  • Race: Terran Terran
  • League: Master
  • Spawn Location: 5:00

VOD

Have the link to the VOD?

Description

Time

  • Played on: June 27, 2024, 5:54 a.m.
  • Length: 9:25
Show
View Real Time Build Order
Export as new Build Order

BroodWar Protoss - Winner!

Build Orders: 1 Gate Expand 

Get SALT Encoding   

  12  0:00  Probe  
  13  0:12  Probe  
  14  0:18  Pylon  
  14  0:24  Probe  
  15  0:36  Probe (Chrono Boost)  
  15  0:37  Gateway  
  16  0:48  Probe (Chrono Boost)  
  17  0:53  Probe (Chrono Boost)  
  17  0:56  Assimilator  
  18  1:03  Probe  
  19  1:15  Probe  
  20  1:23  Nexus  
  20  1:35  Cybernetics Core  
  20  1:36  Probe  
  21  1:45  Pylon  
  21  1:48  Probe  
  22  2:00  Probe  
  23  2:06  Gateway  
  22  2:08  Stalker (Chrono Boost)  
  22  2:12  Probe  
  25  2:17  Shield Battery  
  25  2:24  Probe  
  25  2:27  Assimilator  
  26  2:35  Stalker (Chrono Boost)  
  26  2:37  Probe x2  
  30  2:49  Probe x2  
  32  2:53  Stalker (Chrono Boost)  
  34  3:01  Probe  
  34  3:03  Probe  
  34  3:05  Stalker (Chrono Boost)  
  37  3:14  Probe  
  37  3:16  Stalker (Chrono Boost)  
  40  3:23  Stalker (Chrono Boost)  
  40  3:24  Pylon  
  42  3:29  Probe  
  42  3:30  Probe  
  44  3:40  Stalker (Chrono Boost)  
  44  3:43  Probe  
  44  3:45  Probe  
  48  3:50  Stalker (Chrono Boost)  
  50  3:55  Probe  
  50  3:59  Probe  
  45  4:07  Stalker, Probe  
  48  4:11  Probe  
  48  4:13  Stalker  
  51  4:20  Probe  
  51  4:24  Probe  
  53  4:26  Pylon  
  53  4:28  Stargate  
  53  4:32  Probe  
  54  4:44  Probe x2  
  56  4:51  Nexus  
  56  4:56  Probe x2  
  56  5:06  Stalker  
  56  5:07  Stalker  
  54  5:08  Probe x2  
  46  5:18  Phoenix (Chrono Boost)  
  46  5:20  Probe x2  
  46  5:32  Probe x2  
  46  5:34  Phoenix  
  50  5:44  Probe x2  
  52  5:51  Stalker x2  
  52  5:56  Probe x2  
  56  6:01  Phoenix  
  56  6:03  Probe  
  59  6:08  Probe  
  60  6:13  Gateway  
  60  6:14  Gateway  
  60  6:17  Probe  
  60  6:18  Twilight Council  
  61  6:19  Probe  
  61  6:22  Probe  
  63  6:29  Probe  
  63  6:31  Probe  
  65  6:33  Pylon  
  65  6:34  Probe  
  66  6:41  Probe  
  66  6:43  Probe  
  66  6:46  Probe  
  69  6:49  Charge (Chrono Boost)  
  69  6:51  Void Ray (Chrono Boost)  
  69  6:53  Probe  
  74  6:56  Gateway  
  74  6:58  Gateway  
  72  7:01  Probe  
  72  7:02  Gateway  
  72  7:03  Probe  
  72  7:06  Gateway  
  75  7:08  Probe  
  75  7:13  Probe  
  76  7:16  Forge  
  76  7:22  Pylon  
  76  7:30  Zealot x4  
  76  7:33  Pylon  
  76  7:35  Pylon  
  84  7:44  Nexus, Shield Battery  
  84  7:54  Zealot x4 (Chrono Boost)  
  94  8:04  Zealot (Chrono Boost)  
  96  8:05  Pylon  
  96  8:06  Zealot (Chrono Boost)  
  96  8:07  Shield Battery  
  96  8:19  Zealot (Chrono Boost)  
  98  8:22  Zealot x2 (Chrono Boost)  
  98  8:23  Zealot (Chrono Boost)  
  108  8:33  Zealot (Chrono Boost), Pylon  
  105  8:39  Zealot (Chrono Boost), Pylon  
  105  8:41  Zealot (Chrono Boost)  
  100  8:49  Pylon  
  100  8:52  Zealot  
  100  8:53  Zealot  
  102  8:57  Pylon  
  107  9:17  Pylon  
Show
View Real Time Build Order
Export as new Build Order

Player Terran 

Build Orders: 1/1/1 

Get SALT Encoding   

  12  0:00  SCV  
  13  0:12  SCV  
  14  0:16  Supply Depot  
  14  0:24  SCV  
  15  0:30  Refinery  
  15  0:38  SCV  
  16  0:44  Barracks  
  16  0:50  SCV  
  17  1:02  SCV  
  18  1:14  SCV  
  19  1:34  Orbital Command, Marine  
  19  1:35  Supply Depot  
  20  1:42  Factory  
  20  1:52  Barracks Reactor  
  20  2:01  SCV  
  21  2:11  Command Center  
  21  2:15  SCV  
  22  2:28  Starport  
  22  2:33  Hellion  
  22  2:35  Hellion  
  26  2:37  SCV  
  26  2:42  Supply Depot  
  27  2:49  SCV  
  27  2:51  Refinery  
  28  2:54  Hellion  
  30  3:02  SCV  
  30  3:04  Hellion  
  33  3:16  Widow Mine  
  35  3:20  SCV  
  35  3:23  Medivac  
  35  3:25  Barracks Tech Lab, Widow Mine  
  40  3:30  Orbital Command  
  40  3:36  SCV  
  40  3:38  Widow Mine  
  43  3:46  Widow Mine  
  45  3:48  SCV  
  46  4:00  SCV  
  46  4:01  SCV  
  40  4:12  Starport Tech Lab  
  40  4:13  SCV x2  
  40  4:15  Barracks  
  40  4:16  Barracks  
  42  4:18  Siege Tank  
  42  4:21  Bunker  
  45  4:25  Marine x2  
  45  4:26  SCV  
  45  4:29  Bunker  
  48  4:33  SCV  
  49  4:42  Marine  
  49  4:44  SCV  
  50  4:50  Siege Tank  
  50  4:56  Marine  
  38  5:08  SCV  
  38  5:10  Marine  
  38  5:13  SCV  
  35  5:18  Marine  
  35  5:20  SCV  
  37  5:22  Siege Tank  
  39  5:29  SCV  
  39  5:32  Marine x2  
  41  5:42  SCV  
  33  5:50  SCV  
  33  5:54  Marine, SCV  
  35  6:02  SCV  
  35  6:03  Stimpack  
  36  6:06  SCV  
  36  6:10  Starport Reactor  
  37  6:14  SCV  
  37  6:16  Barracks Tech Lab  
  37  6:17  Marine x2  
  37  6:18  Marine, SCV  
  42  6:26  SCV  
  43  6:35  Marine x2  
  43  6:38  Marine x2  
  47  6:43  SCV x2  
  49  6:53  Marine  
  50  6:55  SCV x2  
  50  6:58  Combat Shield, Marine  
  53  7:02  Supply Depot  
  53  7:04  Supply Depot  
  53  7:06  Refinery x2, Engineering Bay  
  53  7:07  SCV  
  54  7:12  SCV  
  54  7:13  Marauder x2  
  54  7:14  Marine  
  60  7:19  SCV  
  60  7:24  SCV  
  58  7:31  SCV  
  58  7:32  Marine  
  58  7:33  Marine  
  58  7:34  Marauder  
  63  7:44  Medivac  
  63  7:47  Marine  
  63  7:50  Marine x2  
  68  7:55  Marine  
  68  8:05  Marine  
  68  8:08  Marine x2  
  70  8:13  Marine  
  67  8:21  SCV  
  67  8:23  Marine  
  67  8:26  Marine  
  70  8:46  Marine  
  70  8:47  SCV  
  67  8:51  Medivac  
  69  8:59  Marine x2  
  69  9:00  SCV x2  
  73  9:06  Marine  
Tags
 
Add a new tag
Caveats
  • Supply blocks, unpowered buildings, or Contaminate may cause inaccurate times.
  • Supply counts are checked every 10 seconds.